Map: AVEX - Big Game Hunters (BGH)

Players

Szachu

  • Race: Terran Terran
  • Spawn Location: 3:00

Ectar

  • Race: Zerg Zerg
  • League: Diamond
  • Spawn Location: 6:00

picur

  • Race: Terran Terran
  • League: Master
  • Spawn Location: 7:00

Jumpman

  • Race: Protoss Protoss
  • League: Master
  • Spawn Location: 1:00

Taurino

  • Race: Protoss Protoss
  • League: Diamond
  • Spawn Location: 9:00

Railgan

  • Race: Terran Terran
  • League: Grandmaster
  • Spawn Location: 12:00

Granas

  • Race: Protoss Protoss
  • League: Diamond
  • Spawn Location: 5:00

Computer 8

  • Race: Protoss Protoss
  • Spawn Location: 11:00

VOD

Have the link to the VOD?

Description

Time

  • Played on: March 18, 2017, 12:08 p.m.
  • Length: 6:58
Show
View Real Time Build Order
Export as new Build Order

Szachu Terran 

Build Orders: Hellion Opening 

Get SALT Encoding   

  12  0:02  SCV  
  13  0:14  SCV  
  13  0:20  Supply Depot  
  14  0:26  SCV  
  15  0:34  Refinery  
  15  0:41  SCV  
  16  0:44  Barracks  
  16  0:53  SCV  
  16  0:55  Refinery  
  17  1:05  SCV  
  18  1:18  SCV  
  19  1:30  SCV  
  20  1:37  Reaper  
  20  1:38  Factory  
  21  1:45  Orbital Command  
  21  1:52  Barracks  
  21  2:04  Supply Depot  
  21  2:09  Reaper  
  22  2:15  SCV  
  22  2:22  Factory Tech Lab  
  23  2:24  Factory Reactor  
  23  2:28  SCV  
  24  2:40  Reaper, SCV  
  24  2:41  Reaper  
  27  3:01  Command Center  
  27  3:04  Hellion x2  
  31  3:15  Supply Depot  
  31  3:29  Supply Depot  
  31  3:36  Reaper x2, SCV  
  31  3:37  Hellion x2  
  38  3:48  SCV  
  39  3:58  Hellion  
  39  3:59  Hellion  
  39  4:01  SCV  
  44  4:08  Reaper x2  
  46  4:10  Supply Depot  
  46  4:13  SCV  
  46  4:16  Orbital Command  
  47  4:25  Hellion, SCV  
  47  4:27  Hellion  
  52  4:35  Engineering Bay  
  52  4:37  SCV  
  53  4:44  Orbital Command  
  53  4:47  Barracks Reactor  
  53  4:49  SCV  
  53  4:50  Barracks Reactor  
  54  4:57  Widow Mine  
  54  4:58  Starport  
  57  5:01  SCV  
  57  5:07  Missile Turret  
  57  5:11  SCV  
  57  5:14  SCV  
  59  5:15  Widow Mine  
  61  5:23  SCV  
  61  5:24  Refinery  
  61  5:26  Widow Mine, SCV  
  65  5:33  Missile Turret  
  65  5:35  SCV  
  66  5:38  SCV  
  67  5:43  Widow Mine, Armory  
  67  5:46  Starport Reactor  
  67  5:47  SCV  
  70  5:53  Factory  
  70  6:03  Supply Depot  
  70  6:04  Supply Depot x2  
  70  6:07  Refinery  
  70  6:25  Reaper x4, SCV x2  
  76  6:37  SCV x2  
  78  6:44  Factory Tech Lab  
  86  6:55  Command Center  
Show
View Real Time Build Order
Export as new Build Order

Ectar Zerg 

Build Orders: Pool First 

Get SALT Encoding   

  12  0:01  Drone  
  13  0:09  Drone  
  13  0:13  Extractor  
  13  0:17  Drone  
  14  0:27  Overlord  
  14  0:43  Spawning Pool  
  14  0:46  Drone  
  14  0:55  Drone  
  14  0:56  Drone  
  16  1:11  Drone x2  
  18  1:32  Roach Warren  
  18  1:33  Extractor  
  16  1:41  Drone x3  
  19  1:55  Overlord  
  19  2:05  Drone  
  20  2:14  Roach  
  22  2:25  Hatchery  
  22  2:26  Roach  
  23  2:36  Ravager  
  24  2:42  Roach  
  26  2:47  Ravager  
  27  2:52  Evolution Chamber  
  27  2:53  Drone  
  27  3:06  Ravager  
  27  3:09  Overlord  
  28  3:17  Overlord  
  28  3:21  Zerg Missile Weapons Level 1  
  28  3:24  Drone  
  29  3:28  Drone  
  30  3:42  Drone x2  
  32  3:55  Drone x2  
  34  4:05  Drone x2  
  36  4:14  Drone x2  
  38  4:24  Drone x2  
  40  4:35  Roach x2  
  44  5:01  Ravager x2  
  46  5:09  Roach x3  
  46  5:11  Hatchery, Overlord  
  46  5:12  Overlord  
  51  5:32  Ravager x2  
  51  5:33  Ravager  
  54  5:35  Lair  
  54  5:41  Pneumatized Carapace  
  54  5:46  Roach x5  
  54  5:47  Roach  
  66  5:57  Overlord  
  66  5:58  Extractor  
  66  5:59  Extractor  
  66  6:02  Overlord  
  64  6:08  Ravager x2  
  66  6:19  Ravager  
Show
View Real Time Build Order
Export as new Build Order

picur Terran 

Build Orders: 1/1/1, Liberator Opening 

Get SALT Encoding   

  12  0:03  SCV  
  13  0:15  SCV  
  14  0:26  Supply Depot  
  14  0:28  SCV  
  15  0:36  Refinery  
  15  0:48  SCV  
  16  0:50  Barracks  
  16  1:00  SCV  
  17  1:09  Refinery  
  17  1:12  SCV  
  18  1:24  SCV  
  19  1:38  Factory  
  19  1:40  Orbital Command  
  19  1:45  Reaper  
  20  2:04  Supply Depot  
  20  2:08  SCV  
  21  2:17  Reaper  
  22  2:24  Starport  
  22  2:26  Hellion  
  22  2:28  SCV  
  25  2:40  SCV  
  25  2:41  Supply Depot  
  26  2:48  Liberator  
  26  2:49  Hellion  
  28  2:52  Reaper  
  28  2:56  SCV  
  30  3:01  Supply Depot  
  30  3:12  Hellion  
  35  3:16  SCV  
  36  3:24  Reaper  
  36  3:25  Supply Depot  
  37  3:28  Supply Depot, SCV  
  38  3:35  Hellion  
  40  3:44  Liberator  
  40  3:57  SCV  
  40  3:58  Reaper  
  40  3:59  Hellion  
  47  4:09  SCV  
  48  4:22  SCV  
  48  4:23  Hellion  
  51  4:33  Reaper  
  51  4:34  SCV  
  53  4:41  Command Center  
  53  5:00  Starport  
  53  5:11  Liberator  
  53  5:12  SCV  
  54  5:25  SCV  
  54  5:27  Hellion, Reaper  
  61  5:39  SCV  
  62  5:54  Starport Tech Lab  
  62  6:00  Reaper  
  62  6:02  Hellion  
  65  6:25  Starport Tech Lab  
  65  6:32  Orbital Command  
  67  6:34  SCV  
Show
View Real Time Build Order
Export as new Build Order

Jumpman Protoss 

Build Orders: Double Forge, Zealot Archon 

Get SALT Encoding   

  12  0:02  Probe (Chrono Boost)  
  13  0:13  Probe (Chrono Boost)  
  14  0:20  Pylon  
  14  0:26  Probe (Chrono Boost)  
  15  0:39  Forge  
  15  0:41  Probe (Chrono Boost)  
  16  0:51  Probe (Chrono Boost)  
  17  1:02  Probe (Chrono Boost)  
  18  1:05  Gateway  
  18  1:17  Photon Cannon  
  18  1:20  Probe (Chrono Boost)  
  19  1:29  Assimilator  
  19  1:31  Assimilator  
  19  1:32  Probe (Chrono Boost)  
  20  1:57  Cybernetics Core  
  20  1:58  Probe (Chrono Boost)  
  22  2:08  Probe (Chrono Boost)  
  22  2:17  Pylon  
  22  2:19  Probe (Chrono Boost)  
  23  2:29  Photon Cannon  
  23  2:35  Probe (Chrono Boost)  
  24  2:38  Twilight Council  
  24  2:41  Warp Gate  
  24  2:46  Probe (Chrono Boost)  
  25  2:52  Gateway  
  25  2:57  Probe (Chrono Boost)  
  26  3:07  Probe (Chrono Boost)  
  27  3:24  Templar Archives  
  27  3:29  Probe (Chrono Boost)  
  28  3:34  Forge  
  28  3:35  Forge  
  28  3:42  Nexus  
  28  3:45  Probe (Chrono Boost)  
  29  3:59  Protoss Shields Level 1  
  29  4:11  Protoss Ground Weapons Level 1  
  29  4:24  Protoss Ground Armor Level 1  
  29  4:28  Probe (Chrono Boost)  
  30  4:40  Gateway  
  30  4:41  Probe (Chrono Boost)  
  31  4:49  Pylon  
  31  4:55  Probe (Chrono Boost)  
  31  4:56  Probe (Chrono Boost)  
  33  5:06  Assimilator  
  34  5:07  Photon Cannon, Probe x2 (Chrono Boost)  
  34  5:10  Assimilator  
  34  5:13  Pylon  
  35  5:19  Probe (Chrono Boost)  
  36  5:26  High Templar  
  33  5:39  Photon Cannon  
  32  5:43  High Templar  
  32  5:45  Probe x2 (Chrono Boost)  
  32  5:47  Archon  
  36  5:56  Photon Cannon  
  37  5:57  Probe x2 (Chrono Boost)  
  37  5:59  Photon Cannon  
  38  6:12  Probe (Chrono Boost)  
  38  6:14  Probe (Chrono Boost)  
  39  6:24  Probe (Chrono Boost)  
  39  6:25  Probe (Chrono Boost)  
  41  6:27  Photon Cannon  
  41  6:34  Probe (Chrono Boost)  
  41  6:36  Probe (Chrono Boost)  
Show
View Real Time Build Order
Export as new Build Order

Taurino Protoss 

Build Orders:  

Get SALT Encoding   

  12  0:01  Probe (Chrono Boost)  
  13  0:11  Probe (Chrono Boost)  
  14  0:21  Pylon  
  14  0:24  Probe (Chrono Boost)  
  15  0:39  Probe (Chrono Boost)  
  16  0:45  Gateway  
  16  0:52  Probe (Chrono Boost)  
  17  1:01  Assimilator  
  18  1:04  Probe (Chrono Boost)  
  18  1:17  Probe (Chrono Boost)  
  19  1:28  Probe (Chrono Boost)  
  19  1:30  Assimilator  
  20  1:33  Cybernetics Core  
  20  1:39  Probe (Chrono Boost)  
  21  1:55  Zealot  
  23  2:01  Forge  
  23  2:10  Warp Gate  
  23  2:24  Gateway  
  23  2:34  Pylon  
  23  2:37  Photon Cannon  
  23  2:41  Photon Cannon  
  23  2:49  Zealot  
  23  2:54  Probe (Chrono Boost)  
  27  3:06  Probe (Chrono Boost)  
  27  3:12  Zealot  
  27  3:18  Probe (Chrono Boost)  
  30  3:22  Pylon  
  30  3:35  Probe (Chrono Boost)  
  30  3:40  Stalker  
  33  3:45  Probe (Chrono Boost)  
  28  4:12  Nexus  
  28  4:14  Assimilator  
  28  4:18  Assimilator  
  26  4:25  Pylon  
  26  4:30  Protoss Ground Armor Level 1  
  26  4:34  Twilight Council  
  26  4:56  Photon Cannon  
  26  4:57  Photon Cannon  
  23  5:16  Probe (Chrono Boost)  
  22  5:26  Probe (Chrono Boost)  
  22  5:27  Pylon  
  22  5:28  Pylon  
  22  6:48  Photon Cannon  
Show
View Real Time Build Order
Export as new Build Order

Railgan Terran 

Build Orders: Liberator Opening 

Get SALT Encoding   

  12  0:01  SCV  
  13  0:13  SCV  
  14  0:21  Supply Depot  
  14  0:25  SCV  
  15  0:34  Refinery  
  15  0:42  SCV  
  16  0:49  Barracks  
  16  0:54  SCV  
  17  1:01  Refinery  
  17  1:06  SCV  
  18  1:19  SCV  
  19  1:31  SCV  
  20  1:36  Reaper  
  21  1:43  SCV  
  21  1:46  Barracks  
  22  1:55  Orbital Command  
  22  2:01  Supply Depot  
  22  2:08  Reaper  
  22  2:09  Factory  
  23  2:28  SCV  
  24  2:34  Reaper  
  25  2:40  SCV  
  26  2:49  Supply Depot  
  26  2:52  SCV  
  26  2:56  Hellion  
  29  2:59  Starport  
  29  3:04  SCV  
  30  3:06  Bunker  
  30  3:08  Reaper  
  31  3:15  Reaper  
  32  3:24  Liberator  
  32  3:37  SCV  
  35  3:53  Command Center  
  33  4:00  Reaper x2  
  33  4:01  SCV  
  35  4:04  Supply Depot  
  35  4:07  Liberator  
  35  4:15  SCV  
  36  4:19  Factory Reactor  
  36  4:31  SCV  
  40  4:43  SCV  
  41  4:47  Supply Depot x2  
  41  4:55  SCV  
  42  5:02  Factory  
  45  5:07  SCV  
  45  5:11  Liberator x2  
  43  5:17  Factory Reactor  
  43  5:20  SCV  
  47  5:32  SCV  
  47  5:33  Orbital Command  
  51  5:39  Engineering Bay  
  51  5:44  SCV  
  52  5:52  Factory Tech Lab  
  52  5:53  Liberator  
  52  5:56  SCV  
  53  6:08  Bunker x2, SCV  
  53  6:10  SCV  
  58  6:16  Supply Depot  
  58  6:20  SCV  
  58  6:22  Hellion x3  
  58  6:24  SCV  
  66  6:31  Refinery  
  66  6:32  SCV  
  67  6:35  Refinery  
  67  6:37  Missile Turret, Supply Depot  
  67  6:44  Missile Turret  
Show
View Real Time Build Order
Export as new Build Order

Granas Protoss 

Build Orders:  

Get SALT Encoding   

  12  0:02  Probe (Chrono Boost)  
  13  0:13  Probe (Chrono Boost)  
  14  0:25  Pylon  
  14  0:26  Probe (Chrono Boost)  
  15  0:44  Gateway, Probe (Chrono Boost)  
  16  0:54  Probe (Chrono Boost)  
  17  0:58  Assimilator  
  17  1:05  Probe (Chrono Boost)  
  18  1:13  Pylon  
  18  1:15  Probe (Chrono Boost)  
  19  1:26  Probe (Chrono Boost)  
  20  1:34  Cybernetics Core  
  20  1:45  Probe (Chrono Boost)  
  21  1:55  Forge, Probe (Chrono Boost)  
  21  1:59  Pylon  
  22  2:06  Probe (Chrono Boost)  
  23  2:17  Pylon  
  23  2:31  Probe (Chrono Boost)  
  23  2:34  Photon Cannon  
  23  2:35  Nexus  
  23  2:36  Photon Cannon  
  24  2:42  Probe (Chrono Boost)  
  24  2:43  Pylon  
  25  3:02  Photon Cannon  
  25  3:04  Probe (Chrono Boost)  
  25  3:12  Twilight Council  
  25  3:16  Assimilator  
  25  3:17  Probe (Chrono Boost)  
  25  3:19  Pylon  
  26  3:20  Warp Gate  
  26  3:28  Probe (Chrono Boost)  
  27  3:38  Probe (Chrono Boost)  
  28  3:55  Photon Cannon  
  28  4:01  Probe (Chrono Boost)  
  29  4:03  Assimilator  
  29  4:05  Assimilator  
  29  4:10  Nexus  
  29  4:12  Pylon, Probe (Chrono Boost)  
  30  4:17  Templar Archives  
  30  4:22  Probe (Chrono Boost)  
  31  4:31  Photon Cannon  
  31  4:32  Photon Cannon  
  31  4:33  Probe (Chrono Boost)  
  30  4:55  High Templar  
  32  5:09  Pylon  
  32  5:11  Probe (Chrono Boost)  
  35  5:28  Probe (Chrono Boost)  
  35  5:30  Probe (Chrono Boost)  
  35  5:38  Photon Cannon, High Templar  
  35  5:43  Photon Cannon  
  35  5:47  Probe (Chrono Boost)  
  38  5:50  Probe (Chrono Boost)  
  39  5:59  Gateway, Probe (Chrono Boost)  
  39  6:03  Probe (Chrono Boost)  
  42  6:11  Probe (Chrono Boost)  
Show
View Real Time Build Order
Export as new Build Order

Computer 8 Protoss 

Build Orders: Zealot Archon 

Get SALT Encoding   

  12  0:01  Probe (Chrono Boost)  
  13  0:12  Probe (Chrono Boost)  
  14  0:20  Pylon  
  14  0:22  Probe (Chrono Boost)  
  15  0:39  Probe (Chrono Boost)  
  16  0:47  Assimilator  
  16  0:49  Probe (Chrono Boost)  
  17  0:51  Gateway  
  17  0:59  Pylon  
  17  1:00  Probe (Chrono Boost)  
  18  1:10  Probe (Chrono Boost)  
  19  1:21  Probe (Chrono Boost)  
  20  1:32  Probe (Chrono Boost)  
  21  1:37  Zealot  
  21  1:38  Gateway  
  23  1:41  Cybernetics Core  
  23  1:43  Probe (Chrono Boost)  
  24  1:51  Pylon  
  25  1:54  Probe (Chrono Boost)  
  25  2:02  Zealot  
  25  2:06  Probe (Chrono Boost)  
  28  2:13  Warp Gate  
  28  2:17  Probe (Chrono Boost)  
  29  2:24  Adept  
  29  2:29  Adept  
  33  2:35  Gateway  
  33  2:43  Gateway  
  33  2:50  Adept  
  33  2:54  Zealot  
  33  3:14  Pylon  
  33  3:15  Adept, Probe (Chrono Boost)  
  36  3:20  Zealot  
  38  3:31  Adept  
  38  3:32  Adept  
  42  3:40  Pylon  
  40  3:41  Adept  
  40  3:49  Twilight Council  
  37  4:21  Zealot  
  39  4:32  Templar Archives  
  39  4:33  Assimilator  
  39  4:41  Zealot  
  39  4:46  Zealot  
  41  4:56  Probe (Chrono Boost)  
  43  5:07  Probe (Chrono Boost)  
  43  5:12  High Templar  
  45  5:19  Probe (Chrono Boost)  
  46  5:40  High Templar  
  48  5:47  Archon  
  48  5:53  Pylon  
  48  6:08  High Templar  
  50  6:27  Forge  
  50  6:36  High Templar  
  50  6:38  Forge  
  52  6:40  Archon  
Tags
 
Add a new tag
Caveats
  • Supply blocks, unpowered buildings, or Contaminate may cause inaccurate times.
  • Supply counts are checked every 10 seconds.